 Dungeon Crawl Stone Soup version 0.27-a0-887-gcab673c142 (webtiles) character file.

Game seed: 17032369702458024109

334 Alarkh the Ruffian (level 6, -2/49 HPs)
             Began as a Demonspawn Fighter on Apr 4, 2021.
             Slain by a two-headed ogre
             ... wielding a +0 giant club
              (13 damage)
             ... on level 4 of the Dungeon.
             The game lasted 00:04:25 (5109 turns).

Alarkh the Ruffian (Demonspawn Fighter)             Turns: 5109, Time: 00:04:25

Health: -2/49      AC:  7    Str: 16    XL:     6   Next: 27%
Magic:  6/6        EV:  7    Int: 12    God:
Gold:   204        SH: 14    Dex: 18    Spells: 5/5 levels left

rFire    . . .     SeeInvis .     - Unarmed
rCold    . . .     Faith    .   b - +0 kite shield
rNeg     . . .     Spirit   .   a - +0 scale mail
rPois    .         Reflect  +   (no helmet)
rElec    .         Harm     .   (no cloak)
rCorr    .         Rampage  .   m - +0 pair of gloves
Will     .....                  (no boots)
Stlth    ..........             h - amulet of reflection
HPRegen  0.16/turn              n - +6 ring of dexterity
MPRegen  0.10/turn              (no ring)

@: mighty
A: claws 2, powered by pain 1
a: no special abilities


You were on level 4 of the Dungeon.
You visited 1 branch of the dungeon, and saw 4 of its levels.
You also visited: Sewer.

You collected 243 gold pieces.
You spent 39 gold pieces at shops.

Inventory:

Armour
 a - a +0 scale mail (worn)
 b - a +0 kite shield (worn)
 m - a +0 pair of gloves (worn)
Jewellery
 h - an amulet of reflection (around neck)
 n - a +6 ring of dexterity (left hand)
Scrolls
 d - a scroll of magic mapping {unknown}
 f - a scroll of noise {unknown}
 g - a scroll of fog {unknown}
 j - 3 scrolls of identify
 k - 2 scrolls of teleportation {unknown}
 o - a scroll of blinking {unknown}


   Skills:
 + Level 4.3 Fighting
 - Level 2.6 Armour
 + Level 3.9 Shields
 * Level 4.4 Unarmed Combat


You had 5 spell levels left.
You didn't know any spells.
Your spell library contained the following spells:

 Spells                   Type           Power      Damage    Failure   Level
 Beastly Appendage        Tmut           0%         N/A       99%         1
 Wereblood                Tmut           0%         N/A       100%        2
 Spider Form              Tmut/Pois      0%         N/A       100%        3
 Ice Form                 Ice/Tmut       0%         N/A       100%        4
 Hydra Form               Tmut           0%         N/A       100%        5


Dungeon Overview and Level Annotations

Branches:
Dungeon (4/15)              Sewer (visited)
 Temple: D:4-7

Altars:
Ru

Shops:
D:2 !


Innate Abilities, Weirdness & Mutations

You have very sharp fingernails.
You sometimes gain a little power by taking damage.


Message History

A scorpion comes into view.
A scorpion is nearby!
You are too injured to fight recklessly!
Things that are here:
a +0 short sword; 3 stones; a kobold corpse
There is a stone staircase leading up here.
You climb upwards.
There is a stone staircase leading down here.
You start resting.
HP restored.
You climb downwards.
There is a stone staircase leading up here.
There is a stone staircase leading down here.
d - a scroll labelled OZOCVUSMIMM
Things that are here:
a +0 flail; an orc skeleton
Found an escape hatch in the floor.
Found a stone staircase leading down.
No target in view!
Found a tower shield.
HP restored.
Found a stone staircase leading down.
There is a stone staircase leading down here.
A two-headed ogre comes into view. It is wielding two +0 giant clubs.
The two-headed ogre shouts in stereo!
Found 25 stones.
The two-headed ogre hits you with a +0 giant club!!
Ouch! That really hurt!
The two-headed ogre closely misses you.
You are too injured to fight recklessly!
You feel very mighty all of a sudden.
You punch the two-headed ogre!
The two-headed ogre is lightly wounded.
The two-headed ogre barely misses you.
The two-headed ogre hits you with a +0 giant club!
* * * LOW HITPOINT WARNING * * *
You barely miss the two-headed ogre.
The two-headed ogre is lightly wounded.
The two-headed ogre hits you with a +0 giant club!
You die...

#.##.### #.##.#
#.##.# #.##.#
#.##.# #....#
######.#######
#............####
#@####.#####.##..
#O# #.# #.# #.#
#.# # #†# #.#
#.#####. #.# #.#
#........#.## #.#
#.........<.. #(#
#####....#.## #.#
#.#.##.# #....
#.#


You could see a two-headed ogre.

Vanquished Creatures
  A bullfrog (Sewer)
  2 orc priests (D:4)
  An iguana (D:4)
  6 adders
  A worm (D:4)
  2 dart slugs (D:2)
  An orc (D:4)
  18 ball pythons
  7 bats
  19 endoplasms
  13 giant cockroaches
  7 goblins
  2 hobgoblins (D:1)
  7 jackals
  3 kobolds
  7 quokkas
  15 frilled lizards
  6 rats
118 creatures vanquished.

Notes
Turn   | Place    | Note
-------+----------+-------------------------------------------
     0 | D:1      | Alarkh the Demonspawn Fighter began the quest for the Orb.
     0 | D:1      | Reached XP level 1. HP: 18/18 MP: 1/1
   126 | D:1      | Gained mutation: You sometimes gain a little power by
                  | taking damage. [demonic ancestry]
   126 | D:1      | Reached XP level 2. HP: 17/24 MP: 2/2
   239 | D:1      | Found a faded altar of an unknown god.
   951 | D:1      | Reached XP level 3. HP: 23/29 MP: 3/3
  1892 | D:2      | Found Gaxus's Distillery.
  1917 | D:2      | Bought a potion of lignification for 39 gold pieces
  2541 | D:3      | Reached XP level 4. HP: 35/35 MP: 4/4
  2624 | D:3      | Found a glowing drain.
  2641 | Sewer    | Entered a sewer
  3497 | Sewer    | Noticed a bullfrog
  3501 | Sewer    | Gained mutation: You have sharp fingernails. [demonic
                  | ancestry]
  3501 | Sewer    | Reached XP level 5. HP: 32/42 MP: 5/5
  4402 | D:3      | Found a sacrificial altar of Ru.
  4748 | D:4      | Gained mutation: You have very sharp fingernails. [demonic
                  | ancestry]
  4748 | D:4      | Reached XP level 6. HP: 29/48 MP: 6/6
  5105 | D:4      | Noticed a two-headed ogre
  5109 | D:4      | Slain by a two-headed ogre

Illustrated notes

Levels and vault maps discovered:
D:1:      sevenhm_arrival_forest_fort_small_6, layout_basic, serial_curves,
          eino_curves_03, eino_curves_02, eino_curves_01, eino_curves_03,
          chequers_ecumenical_altar_simple_redux
D:2:      layout_loops_corners, serial_shops, shop_coins
D:3:      layout_basic, lemuel_coloured_pillars_altar,
          cheibrodos_sewer_entry_drain, hangedman_decor_peaks_small
D:4:      layout_loops_ring, chequers_serial_rivers_small_a

Skill      XL: |  1  2  3  4  5 |
---------------+----------------+-----
Unarmed Combat | 2 3 4 |  4.4
Shields        | 3 |  3.9
Fighting       | 4 |  4.3
Armour         | |  2.6

Action                   |  1- 3 |  4- 6 || total
-------------------------+-------+-------++-------
Melee: Unarmed           |   219 |   291 ||   510
  Use: Potion            |     1 |     6 ||     7
       Scroll            |       |     1 ||     1
 Stab: Invisible         |       |     2 ||     2
Armor: Scale mail        |    93 |    79 ||   172
       Skin              |       |     1 ||     1
Dodge: Dodged            |    57 |    65 ||   122
Block: Kite shield       |   163 |   241 ||   404
       Reflection        |     1 |       ||     1

Table legend: (Time is in decaauts)
 A = Elapsed time spent in this place.
 B = Non-inter-level travel time spent in this place.
 C = Inter-level travel time spent in this place.
 D = Time resting spent in this place.
 E = Time spent auto-exploring this place.
 F = Levels seen in this place.
 G = Mean time per level.
                   A        B        C        D        E       F      G
               +--------+--------+--------+--------+--------+-----+--------+
         Total |   5269 |   5117 |    152 |    936 |   3171 |   5 | 1053.8 |
       Dungeon |   4010 |   3858 |    152 |    200 |   2985 |   4 | 1002.5 |
         Sewer |   1258 |   1258 |      0 |    736 |    185 |   1 | 1258.0 |
               +--------+--------+--------+--------+--------+-----+--------+

Top non-repeatable levels by time:
     D:1: 1471 daAuts
   Sewer: 1258 daAuts
     D:3: 1212 daAuts
     D:2: 968 daAuts
     D:4: 358 daAuts
